 Dungeon Crawl Stone Soup version 0.24.0-123-gd5b16e6ec5 (webtiles) character file.

Game seed: 17386013055787657295, levelgen mode: deterministic

74 Curus the Chopper (level 4, 0/39 HPs)
             Began as a Hill Orc Abyssal Knight on Dec 19, 2019.
             Was a Believer of Lugonu.
             Succumbed to an adder's poison
             ... on level 2 of the Dungeon.
             The game lasted 00:04:55 (1138 turns).

Curus the Chopper (Hill Orc Abyssal Knight)         Turns: 1138, Time: 00:04:55

Health: 0/39       AC:  5    Str: 13 (14) XL:     4   Next: 30%
Magic:  7/7        EV: 10    Int: 10 (12) God:    Lugonu [**....]
Gold:   44         SH:  0    Dex: 10 (11) Spells: 3/3 levels left

rFire    . . .     SeeInvis +   a - +1 hand axe
rCold    . . .     Gourm    .   (no shield)
rNeg     . . .     Faith    .   e - +0 ring mail
rPois    .         Spirit   .   (no helmet)
rElec    .         Reflect  .   (no cloak)
rCorr    .         Harm     .   (no gloves)
MR       .....                  (no boots)
Stlth    ..........             (no amulet)
HPRegen  0.13/turn              d - ring of see invisible
MPRegen  0.10/turn              (no ring)

@: lethally poisoned (0 -> -1)
A: no striking features
a: Depart the Abyss, Bend Space, Renounce Religion


You were on level 2 of the Dungeon.
You worshipped Lugonu.
Lugonu was pleased with you.
You were not hungry.

You visited 1 branch of the dungeon, and saw 2 of its levels.
You visited the Abyss 1 time.

You collected 44 gold pieces.

Inventory:

Hand Weapons
 a - a +1 hand axe (weapon)
Armour
 b - a +0 leather armour
 e - a +0 ring mail (worn)
Jewellery
 d - a ring of see invisible (left hand)
Scrolls
 f - a scroll of magic mapping
 g - a scroll of remove curse
Comestibles
 c - 4 rations


   Skills:
 - Level 3.6 Fighting
 + Level 4.5 Axes
 - Level 2.1 Armour
 - Level 0.7 Dodging
 + Level 4.3 Invocations


You had 3 spell levels left.
You didn't know any spells.
Your spell library was empty.

Dungeon Overview and Level Annotations

Branches:
Dungeon (2/15)

Altars:


Message History

Lugonu accepts your kill.
You closely miss the goblin.
You feel sick. The goblin hits you.
* * * LOW HITPOINT WARNING * * *
You hit the goblin.
You kill the goblin!
Lugonu accepts your kill.
Items here: $ [ ††† a +0 robe; 12 gold pieces; a kobold corpse; a ball python corpse an adder corpse Butcher a ball python corpse? [(y)es/(n)o/(a)ll/(q)uit/?]
You butcher the ball python corpse.
Your resistance to elements expires.
You butcher the adder corpse.
* * * LOW HITPOINT WARNING * * *
You feel sick.
Items here: $ %% [ ÷÷ † Eat one of 4 chunks of flesh? (ye/n/q)
You eat one of the 4 chunks of flesh.
This raw flesh tastes terrible.
You now have 44 gold pieces (gained 12).
You die...

#.##.....##
#.##......#
#.##....#....
#.......#....
##.###........
##..######.##..
#...#.[....#
#.#.#.######
#...@.#
###.########.
#.†.†......
#..K.......
###.g......
#........
#........
#........
.....###.


There were no monsters in sight!

Vanquished Creatures
  A gnoll (D:1)
  2 adders (D:2)
  An ooze (D:1)
  2 dart slugs (D:1)
  A ball python (D:2)
  3 giant cockroaches
  3 goblins
  3 hobgoblins (D:1)
  10 jackals
  A bat (D:2)
  A frilled lizard (D:1)
  4 kobolds
  3 rats (D:1)
35 creatures vanquished.

Notes
Turn   | Place    | Note
-------+----------+-------------------------------------------
     0 | Abyss:1  | Curus the Hill Orc Abyssal Knight began the quest for the
                  | Orb.
     0 | Abyss:1  | Reached XP level 1. HP: 19/19 MP: 2/2
    17 | D:1      | Escaped the Abyss
   134 | D:1      | Reached XP level 2. HP: 11/26 MP: 4/4
   588 | D:1      | Reached XP level 3. HP: 31/31 MP: 5/5
   743 | D:1      | Reached ** piety under Lugonu
  1118 | D:2      | Reached XP level 4. HP: 21/39 MP: 7/7
  1130 | D:2      | HP: 1/39 [goblin (3)]
  1138 | D:2      | Succumbed to an adder's poison

Levels and vault maps discovered:
D:1:      nagdon_arrival_zigzag_paths, layout_rooms, minmay_misc_feat_x
D:2:      layout_rooms, old_standard_altar

Skill      XL: |  1  2  3 |
---------------+----------+-----
Axes           | 3 4 |  4.5
Invocations    | 3 4 |  4.3
Fighting       | |  3.6
Armour         | |  2.1
Dodging        | |  0.7

Action                   |  1- 3 |  4- 6 || total
-------------------------+-------+-------++-------
Melee: Hand axe          |   100 |    13 ||   113
  Use: Potion            |     5 |       ||     5
       Scroll            |     4 |       ||     4
  Eat: Chunk             |       |     1 ||     1
Armor: Leather armour    |    10 |       ||    10
       Ring mail         |    18 |     2 ||    20
Dodge: Dodged            |    78 |     2 ||    80
